Map: Interloper LE

Players

WhiteNinja

  • Race: Protoss Protoss
  • League: Master
  • Spawn Location: 11:00

akira - Winner!

  • Race: Protoss Protoss
  • League: Master
  • Spawn Location: 5:00

VOD

Have the link to the VOD?

Description

Time

  • Played on: Oct. 22, 2017, 8:29 p.m.
  • Length: 15:50
Show
View Real Time Build Order
Export as new Build Order

WhiteNinja Protoss 

Build Orders: Phoenix Opening 

Get SALT Encoding   

  12  0:01  Probe (Chrono Boost)  
  13  0:11  Probe (Chrono Boost)  
  14  0:19  Pylon  
  14  0:22  Probe (Chrono Boost)  
  15  0:37  Probe (Chrono Boost)  
  15  0:38  Gateway  
  16  0:45  Assimilator  
  16  0:47  Probe (Chrono Boost)  
  17  0:53  Assimilator  
  17  0:58  Probe (Chrono Boost)  
  18  1:08  Probe (Chrono Boost)  
  18  1:10  Pylon  
  19  1:19  Probe (Chrono Boost)  
  20  1:27  Cybernetics Core  
  20  1:30  Probe (Chrono Boost)  
  21  1:40  Probe (Chrono Boost)  
  22  1:51  Probe (Chrono Boost)  
  24  2:01  Probe (Chrono Boost)  
  24  2:04  Warp Gate, Stalker (Chrono Boost)  
  26  2:16  Stargate, Probe  
  27  2:28  Probe  
  28  2:32  Stalker (Chrono Boost)  
  30  2:40  Pylon  
  32  2:58  Mothership Core  
  32  3:00  Phoenix (Chrono Boost)  
  34  3:06  Nexus  
  34  3:19  Probe  
  35  3:23  Phoenix (Chrono Boost)  
  35  3:25  Pylon  
  37  3:34  Stalker  
  39  3:44  Phoenix (Chrono Boost)  
  41  3:58  Robotics Facility  
  41  4:05  Gateway  
  41  4:09  Phoenix (Chrono Boost)  
  43  4:11  Probe  
  44  4:21  Probe  
  45  4:32  Phoenix (Chrono Boost)  
  45  4:35  Gateway  
  47  4:42  Gateway  
  47  4:50  Observer (Chrono Boost)  
  47  4:52  Probe  
  47  4:55  Phoenix, Assimilator  
  49  5:01  Probe  
  49  5:05  Probe  
  51  5:07  Assimilator  
  51  5:18  Immortal (Chrono Boost)  
  55  5:23  Probe x2  
  57  5:29  Pylon  
  57  5:35  Probe x2  
  59  5:46  Void Ray  
  57  5:54  Probe x2  
  63  6:06  Probe  
  63  6:08  Probe  
  63  6:10  Nexus  
  65  6:18  Probe  
  66  6:21  Immortal (Chrono Boost)  
  70  6:27  Pylon  
  70  6:34  Pylon  
  70  6:49  Twilight Council  
  70  6:51  Forge  
  70  6:53  Probe x2  
  70  6:56  Immortal (Chrono Boost)  
  70  6:57  Void Ray  
  78  7:08  Probe x2  
  80  7:20  Stalker x2  
  84  7:28  Probe x2  
  86  7:31  Immortal (Chrono Boost), Probe  
  91  7:40  Probe  
  91  7:41  Pylon  
  92  7:46  Stalker x2  
  92  7:49  Stalker  
  98  8:11  Resonating Glaives  
  94  8:18  Nexus  
  94  8:23  Pylon  
  94  8:25  Pylon, Protoss Ground Weapons Level 1 (Chrono Boost)  
  94  8:31  Pylon  
  94  8:43  Void Ray  
  98  8:51  Sentry x4  
  110  8:55  Immortal  
  110  9:00  Gateway  
  110  9:04  Gateway  
  110  9:07  Pylon  
  110  9:22  Pylon  
  110  9:25  Pylon  
  110  9:26  Adept x3  
  110  9:27  Adept  
  118  9:34  Warp Prism  
  120  9:50  Adept  
  120  9:51  Adept, Gateway  
  124  9:53  Gateway  
  124  9:55  Templar Archives  
  124  9:58  Adept  
  126  10:06  Adept x2, Blink  
  128  10:24  Protoss Ground Weapons Level 2 (Chrono Boost)  
  128  10:27  Adept x4  
  128  10:28  Probe x2  
  138  10:38  Adept  
  68  11:06  High Templar x3  
  68  11:07  High Templar  
  72  11:16  Archon  
  72  11:17  Archon  
  68  11:19  Assimilator  
  68  11:20  Adept x3  
  68  11:23  Immortal, Assimilator  
  68  11:25  Void Ray, Pylon  
  74  11:40  Stalker x3  
  74  11:41  Zealot x2, Stalker x2  
  74  11:42  Zealot  
  89  12:03  Gateway  
  89  12:06  Gateway  
  89  12:08  Immortal  
  91  12:09  Void Ray  
  91  12:10  Adept x4  
  91  12:12  High Templar x2  
  107  12:16  Archon  
  107  12:17  Zealot  
  107  12:20  Zealot  
  111  12:28  Probe  
  111  12:29  Protoss Ground Weapons Level 3 (Chrono Boost), Probe  
  113  12:30  Probe  
  114  12:47  Adept, Immortal  
  114  12:48  Adept  
  114  12:50  Adept  
  115  12:59  Charge  
  115  13:02  Probe  
  115  13:03  Probe x2  
  117  13:14  High Templar x2  
  117  13:15  Probe  
  117  13:16  Probe  
  117  13:17  Probe  
  124  13:20  Adept x3  
  124  13:21  Zealot  
  124  13:22  Archon  
  124  13:25  Zealot  
  134  13:35  Immortal  
  138  13:57  Nexus  
  138  14:05  High Templar  
  138  14:06  Adept x2, High Templar  
  138  14:07  Adept  
  138  14:09  Archon  
  148  14:13  Pylon  
  148  14:16  Pylon  
  148  14:18  Pylon  
  146  14:36  Zealot x2  
  146  14:37  Pylon, Zealot  
  133  14:39  Pylon  
  132  14:52  Probe x2  
  128  15:04  Probe x2  
Show
View Real Time Build Order
Export as new Build Order

akira Protoss - Winner!

Build Orders:  

Get SALT Encoding   

  12  0:02  Probe (Chrono Boost)  
  13  0:12  Probe (Chrono Boost)  
  14  0:18  Pylon  
  14  0:23  Probe (Chrono Boost)  
  15  0:36  Probe (Chrono Boost)  
  15  0:38  Gateway  
  16  0:47  Probe (Chrono Boost)  
  16  0:48  Assimilator  
  17  0:52  Assimilator  
  17  0:57  Probe (Chrono Boost)  
  18  1:08  Probe (Chrono Boost)  
  19  1:13  Gateway  
  19  1:18  Probe (Chrono Boost)  
  20  1:28  Cybernetics Core  
  20  1:29  Probe (Chrono Boost)  
  21  1:35  Pylon  
  21  1:40  Probe (Chrono Boost)  
  22  1:52  Probe (Chrono Boost)  
  23  2:04  Stalker x2  
  23  2:05  Warp Gate (Chrono Boost)  
  27  2:18  Pylon  
  27  2:20  Mothership Core  
  29  2:38  Stalker  
  29  2:39  Stalker  
  29  2:41  Probe  
  34  2:53  Probe  
  35  3:06  Probe  
  35  3:09  Nexus  
  36  3:16  Pylon  
  36  3:18  Probe  
  37  3:26  Sentry  
  39  3:34  Sentry, Probe  
  42  3:46  Probe  
  43  3:57  Twilight Council  
  43  3:58  Probe  
  44  4:15  Probe (Chrono Boost)  
  45  4:21  Probe (Chrono Boost)  
  45  4:26  Probe (Chrono Boost)  
  45  4:29  Forge  
  47  4:31  Probe (Chrono Boost)  
  47  4:33  Blink  
  47  4:37  Probe (Chrono Boost)  
  48  4:42  Probe (Chrono Boost)  
  49  4:48  Probe (Chrono Boost)  
  49  4:52  Probe (Chrono Boost)  
  51  4:53  Assimilator x2, Stalker x2  
  51  4:59  Probe (Chrono Boost)  
  56  5:01  Robotics Facility  
  56  5:03  Photon Cannon  
  56  5:05  Photon Cannon  
  56  5:08  Probe (Chrono Boost)  
  56  5:09  Probe (Chrono Boost)  
  56  5:12  Pylon  
  57  5:18  Probe (Chrono Boost)  
  57  5:20  Probe (Chrono Boost)  
  59  5:25  Protoss Ground Weapons Level 1 (Chrono Boost)  
  59  5:30  Probe (Chrono Boost)  
  59  5:31  Probe (Chrono Boost)  
  59  5:34  Pylon  
  61  5:40  Probe (Chrono Boost)  
  59  5:56  Gateway x2, Immortal  
  59  6:00  Gateway  
  59  6:03  Probe x2 (Chrono Boost)  
  65  6:07  Gateway  
  65  6:14  Probe (Chrono Boost)  
  65  6:16  Gateway  
  65  6:24  Stalker  
  65  6:25  Stalker  
  69  6:38  Warp Prism  
  70  6:52  Stalker  
  70  6:53  Stalker x2  
  76  7:02  Stalker  
  76  7:06  Pylon  
  78  7:09  Pylon  
  78  7:10  Pylon  
  78  7:22  Protoss Ground Weapons Level 2 (Chrono Boost)  
  78  7:24  Probe  
  78  7:27  Pylon  
  79  7:33  Observer  
  79  7:36  Stalker x6  
  89  7:44  Probe  
  89  7:47  Stalker  
  89  7:48  Probe  
  93  7:56  Probe  
  94  7:58  Pylon  
  84  8:14  Probe  
  84  8:15  Immortal  
  84  8:18  Templar Archives  
  84  8:19  Charge  
  89  8:20  Probe  
  89  8:26  Probe  
  91  8:33  Probe  
  92  8:38  Photon Cannon, Probe  
  93  8:45  Probe  
  92  8:56  High Templar x4  
  92  8:57  Zealot x3  
  104  9:05  Archon  
  104  9:06  Archon, Probe  
  104  9:07  Probe  
  104  9:08  Nexus  
  106  9:17  Immortal  
  106  9:19  Probe  
  111  9:26  High Templar x2  
  111  9:30  Sentry  
  117  9:31  Probe  
  117  9:35  Photon Cannon  
  118  9:45  Archon  
  118  9:51  Pylon  
  118  9:52  Protoss Ground Weapons Level 3 (Chrono Boost)  
  118  9:53  Pylon  
  118  9:55  Pylon  
  118  10:10  Pylon  
  118  10:12  Pylon  
  117  10:15  Assimilator  
  117  10:20  Assimilator  
  115  10:25  Zealot  
  115  10:26  Zealot x2, High Templar x2  
  115  10:27  Zealot x2  
  127  10:34  Archon, Mothership Core  
  115  10:46  Zealot  
  115  10:47  Zealot x4  
  113  10:52  Probe  
  113  10:54  Probe  
  113  10:55  Probe  
  95  11:03  Probe  
  83  11:08  Probe x2  
  84  11:12  Immortal  
  84  11:13  Probe  
  87  11:20  Probe x2  
  87  11:24  Probe  
  89  11:32  Probe  
  91  11:47  High Templar x3  
  91  11:48  High Templar  
  99  12:07  Nexus  
  99  12:09  Observer, Zealot x3  
  99  12:13  Archon  
  99  12:14  Archon  
  106  12:25  Protoss Ground Armor Level 1 (Chrono Boost)  
  106  12:32  Zealot x4  
  106  12:33  Gateway, Immortal, Zealot x3  
  106  12:35  Gateway  
  106  12:36  Gateway  
  122  13:03  High Templar  
  122  13:04  High Templar x4, Zealot  
  122  13:05  Zealot  
  132  13:12  Archon x2  
  132  13:13  Probe  
  132  13:14  Probe x2  
  132  13:18  Pylon, Probe  
  132  13:19  Pylon  
  136  13:23  Probe  
  136  13:26  Probe  
  138  13:29  High Templar  
  138  13:30  Immortal  
  142  13:36  Archon  
  142  13:37  High Templar x2, Zealot  
  142  13:38  Zealot x6  
  162  13:58  Archon  
  162  14:03  Zealot  
  162  14:04  Zealot  
  162  14:05  High Templar x2, Zealot x4  
  162  14:09  Archon  
  178  14:17  Zealot x2  
  178  14:18  Probe  
  178  14:23  Photon Cannon  
  183  14:25  Photon Cannon, Assimilator  
  183  14:26  Photon Cannon  
  183  14:28  Photon Cannon  
  183  14:30  Photon Cannon, Assimilator  
  172  15:01  Zealot x3  
  172  15:02  Zealot x7  
  138  15:25  High Templar x4, Zealot x2  
  138  15:26  Zealot x4  
  138  15:40  Archon  
  138  15:41  Archon  
Tags
 
Add a new tag
Caveats
  • Supply blocks, unpowered buildings, or Contaminate may cause inaccurate times.
  • Supply counts are checked every 10 seconds.